 Dungeon Crawl Stone Soup version 0.22.1-6-g1668fe2c40 (webtiles) character file.

354 Peloso the Shield-Bearer (level 6, -3/53 HPs)
             Began as a Minotaur Fighter on Jan 26, 2019.
             Killed from afar by an orc wizard (6 damage)
             ... with a magic dart
             ... on level 4 of the Dungeon.
             The game lasted 00:05:38 (3023 turns).

Peloso the Shield-Bearer (Minotaur Fighter)         Turns: 3023, Time: 00:05:39

Health: -3/53      AC:  9    Str: 21    XL:     6   Next: 35%
Magic:  5/5        EV:  6    Int:  5    God:
Gold:   110        SH: 11    Dex: 11    Spells: 5/5 levels left

rFire    . . .     SeeInvis +   a - +1 long sword
rCold    . . .     Gourm    .   c - +1 shield
rNeg     . . .     Faith    .   q - +0 chain mail
rPois    .         Spirit   .   (helmet restricted)
rElec    .         Reflect  .   (no cloak)
rCorr    .         Harm     .   (no gloves)
MR       .....                  (no boots)
Stlth    ..........             j - amulet of inaccuracy (curse)
HPRegen  0.17/turn              k - ring of see invisible
MPRegen  0.09/turn              (no ring)

@: no status effects
A: retaliatory headbutt, horns 2
a: no special abilities


You were on level 4 of the Dungeon.
You were not hungry.

You visited 1 branch of the dungeon, and saw 4 of its levels.

You collected 110 gold pieces.

Inventory:

Hand Weapons
 a - a +1 long sword (weapon)
 e - a +1 whip of flaming
Armour
 b - a +0 scale mail
 c - a +1 shield (worn)
 q - a +0 chain mail (worn)
Jewellery
 j - a cursed amulet of inaccuracy (around neck)
 k - a ring of see invisible (left hand)
Scrolls
 l - a scroll of teleportation
 n - a scroll of magic mapping
 p - 3 scrolls of identify
Potions
 d - a potion of might
 h - 2 potions of curing {unknown}
 i - a potion of degeneration {unknown}
 o - 2 potions of magic {unknown}
 r - a potion of invisibility {unknown}
 t - a potion of berserk rage {unknown}
Comestibles
 f - 8 rations
 m - 3 chunks of flesh


   Skills:
 + Level 4.3 Fighting
 + Level 4.3 Long Blades
 + Level 5.2 Armour
 + Level 1.9 Dodging
 + Level 0.2 Stealth
 + Level 5.8 Shields


You had 5 spell levels left.
You didn't know any spells.
Your spell library contained the following spells:

 Spells                   Type           Power        Failure   Level  Hunger
 Magic Dart               Conj           #...         100%        1    ##.....
 Searing Ray              Conj           #.....       100%        2    ###....
 Dazzling Spray           Conj/Hex       #.....       100%        3    ####...
 Force Lance              Conj/Tloc      #.......     100%        4    #####..
 Fulminant Prism          Conj/Hex       #.........   100%        4    #####..
 Iskenderun's Mystic Bla  Conj           #.......     100%        4    #####..


Dungeon Overview and Level Annotations

Branches:
Dungeon (4/15)
 Temple: D:4-7

Altars:
Kikubaaqudgha
Zin


Innate Abilities, Weirdness & Mutations

You reflexively headbutt those who attack you in melee.
You have a pair of horns on your head.


Message History

You block the jackal's attack.
The orc wizard mumbles some strange words.
The orc wizard blinks!
The jackal bites you but does no damage.
The orc wizard gestures wildly while chanting.
The orc wizard blinks!
You block the jackal's attack.
The orc wizard hits you but does no damage.
The orc wizard hits you with a dagger of speed.
* * * LOW HITPOINT WARNING * * *
The orc wizard gestures wildly while chanting.
The orc wizard blinks!
The orc wizard casts a spell.
The orc wizard blinks!
The jackal bites you but does no damage.
The orc wizard casts a spell at you. The magic dart hits you!
* * * LOW HITPOINT WARNING * * *
The orc wizard points at you and mumbles some strange words.
The magic dart hits you!
You die...

###.## #....#.# ....## #.....##
###..# #.....# # ##.## ###.....##
#..## ##........## ##.
#...####..........#### #...
#...#......o.........#####....
##.....................##....#
##...o......h@....##.....<..#
####.....o.....h....####......###
...................## #........#
.....##............# ##........
###...##..........## ##....... #
#..?####........# ##........
##..# #........# #......... #..##
##......## ##.....†... #...#
#......# ##..........


You could see an orc wizard, an orc and 2 jackals.

Vanquished Creatures
  An orc priest (D:4)
  An orc wizard (D:4)
  2 iguanas
  2 worker ants (D:4)
  4 gnolls (D:3)
  3 adders (D:2)
  3 oozes
  4 worms
  2 dart slugs
  2 leopard geckos (D:2)
  12 orcs
  2 ball pythons (D:1)
  8 bats
  2 giant cockroaches (D:2)
  10 goblins
  9 hobgoblins
  10 jackals
  6 kobolds
  2 quokkas
  2 frilled lizards (D:3)
  2 rats
89 creatures vanquished.

Notes
Turn   | Place    | Note
-------+----------+-------------------------------------------
     0 | D:1      | Peloso the Minotaur Fighter began the quest for the Orb.
     0 | D:1      | Reached XP level 1. HP: 19/19 MP: 0/0
    61 | D:1      | Reached XP level 2. HP: 4/27 MP: 1/1
   589 | D:1      | Reached XP level 3. HP: 33/33 MP: 2/2
  1160 | D:2      | Reached XP level 4. HP: 33/40 MP: 3/3
  1239 | D:2      | Reached skill level 1 in Dodging
  1363 | D:2      | Noticed an angel
  1364 | D:2      | Found a glowing silver altar of Zin.
  1920 | D:3      | Reached XP level 5. HP: 46/46 MP: 4/4
  2452 | D:3      | Reached skill level 5 in Armour
  2707 | D:3      | Found an ancient bone altar of Kikubaaqudgha.
  2816 | D:4      | Reached skill level 5 in Shields
  2836 | D:4      | Reached XP level 6. HP: 41/52 MP: 5/5
  2977 | D:4      | HP: 2/52 [orc wizard/encrusted spear {vamp} (7)]
  2993 | D:4      | HP: 2/53 [orc/trident (3)]
  3023 | D:4      | Killed from afar by an orc wizard

Skill      XL: |  1  2  3  4  5 |
---------------+----------------+-----
Armour         | 4 5 |  5.2
Fighting       | 4 |  4.3
Shields        | 4 5 |  5.8
Long Blades    | 3 4 |  4.3
Dodging        | 1 |  1.9
Stealth        | |  0.2

Action                   |  1- 3 |  4- 6 || total
-------------------------+-------+-------++-------
Melee: Long sword        |   112 |   189 ||   301
       Headbutt          |    14 |    31 ||    45
  Use: Scroll            |     3 |     3 ||     6
       Potion            |       |     1 ||     1
  Eat: Chunk             |       |     7 ||     7
Armor: Scale mail        |    66 |    25 ||    91
       Chain mail        |       |    57 ||    57
Dodge: Dodged            |    39 |    59 ||    98
Block: Shield            |    81 |   119 ||   200
       Rpst.: Long sword |    11 |    15 ||    26
